 Dungeon Crawl Stone Soup version 0.19-a0-414-g76fec5b (webtiles) character file.

99 dracos369 the Poker (level 4, 0/31 HPs)
             Began as an Octopode Fighter on May 31, 2016.
             Was a Follower of Makhleb.
             Slain by a gnoll
             ... wielding a +0 halberd
              (5 damage)
             ... on level 3 of the Dungeon.
             The game lasted 00:04:31 (1908 turns).

dracos369 the Poker (Octopode Fighter)              Turns: 1908, Time: 00:04:31

Health: 0/31       AC:  1    Str: 15    XL:     4   Next: 72%
Magic:  4/4        EV: 10    Int: 10    God:    Makhleb [*.....]
Gold:   85         SH:  8    Dex: 12    Spells: 0 memorised, 3 levels left

rFire  . . .     SeeInvis .     a - +0 trident
rCold  + . .     Gourm    .     b - +0 shield
rNeg   . . .     Faith    .     (helmet restricted)
rPois  .         Spirit   .     (no amulet)
rElec  .         Dismiss  .     g - ring of protection from cold
rCorr  .         Reflect  .     i - ring of stealth
SustAt .         Harm     .     (no ring)
MR     .....                    (no ring)
Stlth  +++.......               (no ring)
                                (no ring)
                                (no ring)
                                (no ring)

@: not resistant to hostile enchantments, fairly stealthy
A: almost no armour, amphibious, 8 rings, constrict 8, camouflage 1, gelatinous
body 1
a: Renounce Religion


You were on level 3 of the Dungeon.
You worshipped Makhleb.
Makhleb was aware of your devotion.
You were not hungry.

You visited 1 branch of the dungeon, and saw 3 of its levels.

You collected 85 gold pieces.

Inventory:

Hand Weapons
 a - a +0 trident (weapon)
Armour
 b - a +0 shield (worn)
Jewellery
 g - a ring of protection from cold (left tentacle)
 i - a ring of stealth (right tentacle)
 k - an uncursed ring of stealth
 q - a +3 ring of intelligence {unknown}
Scrolls
 e - 4 scrolls of identify {unknown}
 j - 3 scrolls of magic mapping {unknown}
 n - a scroll of teleportation {unknown}
 o - a scroll of remove curse {unknown}
 p - a scroll of amnesia {unknown}
Potions
 c - a potion of might
 h - a potion of heal wounds {unknown}
Comestibles
 d - a bread ration
 f - a beef jerky
 l - 2 meat rations
 m - 4 chunks of flesh


   Skills:
 - Level 3.0 Fighting
 + Level 4.7 Polearms
 - Level 3.0 Dodging
 - Level 3.0 Shields


You had 3 spell levels left.
You didn't know any spells.

Dungeon Overview and Level Annotations

Branches:
Dungeon (3/15)

Altars:
Kikubaaqudgha
Makhleb


Innate Abilities, Weirdness & Mutations

You cannot wear most types of armour.
You are amphibious.
You can wear up to eight rings at the same time.
You can use your tentacles to constrict eight enemies at once.
Your skin changes colour to match your surroundings (Stealth+).
Your rubbery body absorbs attacks. (AC +1)


Message History

Aim: a gnoll, wielding a flail (severely wounded)
You reach to attack!
You hit the gnoll.
The gnoll is almost dead.
The gnoll barely misses you.
Attack whom?
Press: ? - help, Dir - move target cursor, f/p - gnoll
Aim: a gnoll, wielding a flail (almost dead)
You reach to attack!
You hit the gnoll.
The gnoll is almost dead.
The gnoll hits you with a flail!
* * * LOW HITPOINT WARNING * * *
You are too injured to fight recklessly!
Attack whom?
Press: ? - help, Dir - move target cursor, f/p - gnoll
Aim: a gnoll, wielding a flail (almost dead)
You reach to attack!
You puncture the gnoll!
You kill the gnoll!
Makhleb accepts your kill.
You can now gain health from killing.
The gnoll hits you from afar with a halberd.
You die...

#..............#.#.#
##....>..#.....#.#.#
...............'...#
.#.......#.....#######
..........+###.#####.#
'#.#.#.#.#.# #.......#
.....#.#.#.# #######.#
..####.. #.#########.#
..# ####+#...Kg.@....#
..# ........##########
..# .......)# ..#
........#
...........K.
.........?...
..............
..............
...........


You could see a gnoll and a kobold.

Vanquished Creatures
  Terence (D:3)
  2 gnolls (D:3)
  An adder (D:2)
  A dart slug (D:1)
  A giant gecko (D:3)
  An orc (D:3)
  A giant cockroach (D:3)
  8 goblins
  6 hobgoblins
  2 jackals (D:2)
  3 quokkas
  A bat (D:3)
  6 giant newts
  A kobold (D:3)
  6 rats
41 creatures vanquished.

Notes
Turn   | Place    | Note
--------------------------------------------------------------
     0 | D:1      | dracos369 the Octopode Fighter began the quest for the Orb.
     0 | D:1      | Reached XP level 1. HP: 16/16 MP: 1/1
   281 | D:1      | Reached XP level 2. HP: 21/21 MP: 2/2
   300 | D:1      | Reached skill level 3 in Polearms
   807 | D:2      | Reached XP level 3. HP: 25/26 MP: 3/3
   831 | D:2      | Found a burning altar of Makhleb.
   914 | D:2      | Became a worshipper of Makhleb the Destroyer
  1245 | D:2      | Found an ancient bone altar of Kikubaaqudgha.
  1563 | D:3      | Noticed Terence
  1576 | D:3      | Killed Terence
  1576 | D:3      | Reached skill level 4 in Polearms
  1576 | D:3      | Reached XP level 4. HP: 11/31 MP: 4/4
  1908 | D:3      | Reached * piety under Makhleb
  1908 | D:3      | Slain by a gnoll

Vault maps used:
D:1:      sevenhm_arrival_forest_fort_large_4, serial_glass, glass_columns_a,
          glass_columns_b, glass_columns_a, glass_columns_a
D:2:      lemuel_coloured_pillars_altar, marbit_many_paths
D:3:      led_sif_book, st_stairs_4, uniq_terence, uniq_sigmund

Skill      XL: |  1  2  3 |
---------------+----------+-----
Polearms       | 3 4 |  4.7
Fighting       | |  3.0
Dodging        | |  3.0
Shields        | |  3.0

Action                   |  1- 3 |  4- 6 || total
-------------------------+-------+-------++-------
Melee: Trident           |    75 |    22 ||    97
       Constrict         |    14 |     7 ||    21
       Tentacles         |     6 |     1 ||     7
 Stab: Sleeping          |    12 |     1 ||    13
  Eat: Chunk             |     2 |     1 ||     3
Armor: Skin              |     2 |       ||     2
Dodge: Dodged            |    14 |     6 ||    20
Block: Shield            |    17 |     7 ||    24
